 Dungeon Crawl Stone Soup version 0.31-a0-559-g03b8d61ab2 (webtiles) character file.

Game seed: 786579078813863862

19757 Gargoyl the Cleaver (level 12, -7/115 HPs)
             Began as a Gargoyle Berserker on Aug 17, 2023.
             Was a Priest of Trog.
             Mangled by a 15-headed hydra (12 damage)
             ... on level 3 of the Lair of Beasts.
             The game lasted 00:15:01 (12547 turns).

Gargoyl the Cleaver (Gargoyle Berserker)           Turns: 12547, Time: 00:15:02

Health: -7/115     AC: 33    Str: 21    XL:     12   Next: 72%
Magic:  2/12       EV: 11    Int:  6    God:    Trog [***...]
Gold:   524        SH:  0    Dex: 16    Spells: 11/11 levels left

rFire   . . .        m - +8 hand axe of Magnificence {elec, Fragile rC+ Int-3 Dex+3}
rCold   + . .        (no shield)
rNeg    + . .        i - +0 chain mail
rPois   ∞            t - +1 helmet
rElec   +            o - +2 cloak
rCorr   .            y - +3 Mad Mage's Maulers {Infuse+∞ VampMP -Cast}
SInv    .            C - +0 pair of boots
Will    ++...        (no amulet) Stlth
                     (no ring)
HPRegen 1.39/turn    (no ring)
MPRegen 0.13/turn

%: no spellcasting, infuse magic (2 MP)
@: berserking, strong-willed, regenerating, studying Throwing, very quick
A: sickness immunity, AC +8, negative energy resistance 1, electricity
resistance, torment resistance 1, petrification resistance
a: Renounce Religion, Berserk, Trog's Hand


You were on level 3 of the Lair of Beasts.
You worshipped Trog.
Trog was most pleased with you.
You visited 2 branches of the dungeon, and saw 11 of its levels.
You also visited: Sewer.

You collected 734 gold pieces.
You spent 210 gold pieces at shops.

Inventory:

Hand Weapons
 a - a +3 hand axe
 b - the +8 spear of Bankruptcy {freeze, rF+ rC- Dex+4}
   (You took it off a goblin on level 2 of the Dungeon)

   Dex+4:     It affects your dexterity (+4).
   rF+:       It protects you from fire.
   rC-:       It makes you vulnerable to cold.
 m - the +8 hand axe of Magnificence (weapon) {elec, Fragile rC+ Int-3 Dex+3}
   (You found it on level 3 of the Dungeon)

   Int-3:     It affects your intelligence (-3).
   Dex+3:     It affects your dexterity (+3).
   rC+:       It protects you from cold.
   Fragile:   It will be destroyed if unequipped.
 E - a +2 war axe of flaming
Missiles
 e - 2 curare-tipped darts (quivered)
 l - 13 poisoned darts
Armour
 i - a +0 chain mail (worn)
 o - a +2 cloak (worn)
 t - a +1 helmet (worn)
 y - the +3 Mad Mage's Maulers (worn) {Infuse+∞ VampMP -Cast}
   (You acquired it on level 6 of the Dungeon)

   Infuse+∞: It empowers its wearer's blows with all of their magic.
   VampMP:    Blows struck in melee replenish the wearer's magic.
   -Cast:     It prevents spellcasting.
 C - a +0 pair of boots (worn)
 G - a +1 helmet
Jewellery
 n - a ring of flight
 s - a ring of magical power
Wands
 z - a wand of roots (7)
 A - a wand of flame (28)
 B - a wand of charming (15)
 F - a wand of mindburst (11)
Scrolls
 g - 2 scrolls of blinking
 h - 5 scrolls of identify
 v - 3 scrolls of teleportation
 D - 2 scrolls of butterflies
Potions
 c - 5 potions of enlightenment
 d - 2 potions of curing
 f - a potion of resistance
 k - a potion of ambrosia
 p - a potion of berserk rage
 q - 3 potions of invisibility
 r - 2 potions of heal wounds
 u - a potion of lignification
 w - a potion of magic
 x - 3 potions of mutation


   Skills:
 + Level 9.9 Fighting
 + Level 13.2(13.4) Axes
 + Level 2.9(9.1) Polearms
 + Level 11.7 Armour
 + Level 4.9 Dodging
 + Level 2.9 Stealth


You had 11 spell levels left.
You didn't know any spells.
Your spell library was empty.

Dungeon Overview and Level Annotations

Branches:
Dungeon (8/15)             Temple (0/1) D:7            Lair (3/5) D:8
 Spider (0/4) Lair:3        Sewer (visited)
  Swamp: Lair:2-3    Shoals: Lair:2-3

Altars:

Shops:
D:1 :   D:4 =   D:6 :   D:8 [


Innate Abilities, Weirdness & Mutations

You are immune to sickness and miasma.
Your stone body is resilient. (AC +8)
You are immune to poison.
You resist negative energy. (rN+)
You are resistant to electric shocks. (rElec)
You are resistant to unholy torment.
You are immune to petrification.


Message History

The 14-headed hydra bites you but does no damage.
The 14-headed hydra barely misses you.
The 14-headed hydra bites you but does no damage.
The 14-headed hydra bites you!
* * * LOW HITPOINT WARNING * * *
The 14-headed hydra bites you but does no damage. x4
The 14-headed hydra bites you!
* * * LOW HITPOINT WARNING * * *
You chop one of the 14-headed hydra's heads off!
The 13-headed hydra grows two more!
You slice the 15-headed hydra!!
The 15-headed hydra is almost dead.
You chop one of the 12-headed hydra's heads off!
The 11-headed hydra grows two more!
You slice the 13-headed hydra!!
Lightning courses through the 13-headed hydra!!
The 13-headed hydra closely misses you.
The 13-headed hydra bites you but does no damage. x2
The 13-headed hydra closely misses you.
The 13-headed hydra bites you but does no damage.
The 13-headed hydra completely misses you.
The 13-headed hydra bites you!
* * * LOW HITPOINT WARNING * * *
The 13-headed hydra completely misses you.
The 13-headed hydra bites you but does no damage.
The 13-headed hydra closely misses you.
The 13-headed hydra bites you but does no damage. x3
You hack one of the 15-headed hydra's heads off!
The 14-headed hydra grows two more!
You slice the 16-headed hydra!!
The 16-headed hydra is almost dead.
You slice one of the 13-headed hydra's heads off!
The 12-headed hydra grows two more!
You slash the 14-headed hydra!
Unknown command.
You hack one of the 16-headed hydra's heads off!
The 15-headed hydra grows two more!
You slice the 17-headed hydra!!
Lightning courses through the 17-headed hydra!
You kill the 17-headed hydra!
Trog accepts your kill.
You slice one of the 14-headed hydra's heads off!
The 13-headed hydra grows two more!
You slash the 15-headed hydra! The 15-headed hydra misses you.
The 15-headed hydra bites you!
You die...

.######.†.....#.##.#..P..........
.#....#.....###.###.###..####..#.
.#..........##P..#####P..####.#.#
#....##......##.....###...#.....#
#....#.......♣......# #.†+......#
##........♣.#♣♣♣♣...♣ #.........#
#.####.♣♣♣♣♣♣ ♣♣♣♣♣###..##......
.#.###♣♣≈≈≈♣♣♣♣♣§§~♣♣♣...##..##..
.......♣≈≈≈≈♣§§§@§§§.♣♣..#P.#..+#
.......♣~~≈~♣§§§♣D§§§§♣<.........
.......♣~~≈~♣.♣♣♣§§§§.♣♣.........
.......♣~~~≈.§♣ §§§♣§.♣.........
####...♣~≈≈.§§♣ ≈≈≈♣ .♣.........
# ###....~~..♣♣ §≈.. ♣.........
###..#...≈♣.♣♣ .§...♣♣...##.+#.
#....##♣.♣♣♣♣♣ §§♣..♣......#.##
#......♣♣♣.♣.♣ ♣♣.....#....


You could see a 15-headed hydra.

Vanquished Creatures
  4 hydras
  A skyshark (Lair:3)
  Pikel (D:4)
  An elephant (D:8)
  Joseph (D:7)
  6 cane toads
  2 black mambas
  Jeremiah (D:7)
  5 komodo dragons
  Maggie (D:8)
  A rime drake (Lair:2)
  11 blink frogs (Lair:3)
  3 wyverns
  Eustachio (D:6)
  A basilisk (D:8)
  28 yaks
  A steam dragon (D:8)
  Menkaure (D:7)
  3 swamp worms (Lair:3)
  7 water moccasins
  2 black bears
  3 ice beasts
  A hornet zombie (D:7)
  3 sky beasts (D:7)
  An ogre (D:5)
  A lemure (D:4)
  A phantom (D:5)
  8 bullfrogs
  3 scorpions
  7 wights (D:7)
  2 electric eels
  A howler monkey (D:8)
  A bullfrog zombie (D:7)
  2 centaur zombies (D:7)
  A jelly (D:8)
  5 orc priests
  A gnoll bouda (D:6)
  2 sleepcaps
  Natasha (D:3)
  8 iguanas
  6 orc wizards
  A killer bee zombie (D:7)
  A howler monkey zombie (D:7)
  10 adders
  18 gnolls
  5 river rats (Sewer)
  A shadow imp (D:7)
  4 worms
  3 dart slugs
  27 orcs
  14 ball pythons
  6 endoplasms
  3 giant cockroaches
  13 goblins
  8 hobgoblins
  16 jackals
  5 quokkas
  8 bats
  4 frilled lizards
  9 kobolds
  8 rats
304 creatures vanquished.

Vanquished Creatures (collateral kills)
  A cane toad (Lair:3)
1 creature vanquished.

Grand Total: 305 creatures vanquished

Notes
Turn   | Place    | Note
-------+----------+-------------------------------------------
     0 | D:1      | Gargoyl the Gargoyle Berserker began the quest for the Orb.
     0 | D:1      | Reached XP level 1. HP: 14/14 MP: 1/1
   158 | D:1      | Reached XP level 2. HP: 7/19 MP: 2/2
   308 | D:1      | Reached skill level 3 in Axes
   352 | D:1      | Found Vecafrus's Book Shoppe.
   638 | D:1      | Reached XP level 3. HP: 21/24 MP: 3/3
   653 | D:1      | Reached ** piety under Trog
  1195 | D:2      | Identified the +8 spear of Bankruptcy {freeze, rF+ rC-
                  | Dex+4}
  1721 | D:2      | Reached XP level 4. HP: 6/29 MP: 4/4
  1721 | D:2      | HP: 1/43 [gnoll/+0 halberd (5)]
  2321 | D:3      | Identified the +8 hand axe of Magnificence {elec, Fragile
                  | rC+ Int-3 Dex+3}
  2398 | D:3      | Noticed Natasha
  2403 | D:3      | Killed Natasha
  2404 | D:3      | Reached XP level 5. HP: 33/33 MP: 5/5
  2406 | D:3      | Reached skill level 4 in Axes
  2495 | D:3      | Reached skill level 1 in Polearms
  2694 | D:4      | Noticed Pikel
  2694 | D:4      | Noticed a lemure
  2694 | D:4      | Noticed a lemure
  2694 | D:4      | Noticed a lemure
  2695 | D:4      | Noticed a lemure
  2707 | D:4      | Killed Pikel
  2707 | D:4      | Killed a lemure
  2708 | D:4      | Reached skill level 5 in Fighting
  2708 | D:4      | Reached skill level 5 in Axes
  2708 | D:4      | Reached XP level 6. HP: 40/40 MP: 6/6
  2708 | D:4      | Reached XP level 7. HP: 44/44 MP: 7/7
  2834 | D:4      | Reached *** piety under Trog
  3020 | D:4      | Reached XP level 8. HP: 45/49 MP: 8/8
  3071 | D:4      | Found Metykkoy's Jewellery Boutique.
  3343 | D:4      | Reached skill level 6 in Axes
  3409 | D:5      | Entered Level 5 of the Dungeon
  3572 | D:5      | Reached skill level 5 in Armour
  3824 | D:5      | Reached skill level 7 in Axes
  4135 | D:6      | Found Diuhum's Self-Improvement Boutique.
  4223 | D:6      | Found a glowing drain.
  4241 | D:6      | Reached XP level 9. HP: 40/55 MP: 9/9
  4248 | Sewer    | Entered a sewer
  4259 | Sewer    | Reached **** piety under Trog
  4847 | D:6      | Identified a scroll of acquirement
  4847 | D:6      | Acquired the +3 Mad Mage's Maulers {Infuse+∞ VampMP -Cast}
  4847 | D:6      | Found the +3 Mad Mage's Maulers {Infuse+∞ VampMP -Cast}
  5289 | D:6      | Noticed Eustachio
  5293 | D:6      | Killed Eustachio
  5294 | D:6      | Reached skill level 8 in Axes
  5619 | D:7      | Noticed Joseph
  5631 | D:7      | Killed Joseph
  5760 | D:7      | Noticed Menkaure
  5765 | D:7      | Killed Menkaure
  6037 | D:7      | Reached skill level 1 in Stealth
  6195 | D:7      | Found a staircase to the Ecumenical Temple.
  6296 | D:7      | Reached skill level 9 in Axes
  6296 | D:7      | Noticed Jeremiah
  6494 | D:7      | Killed Jeremiah
  6495 | D:7      | Reached XP level 10. HP: 61/61 MP: 2/10
  7723 | D:8      | Found a staircase to the Lair.
  7725 | D:8      | Noticed an elephant
  7730 | D:8      | Noticed Maggie
  7744 | D:8      | Killed an elephant
  7745 | D:8      | Killed Maggie
  7746 | D:8      | Reached skill level 10 in Axes
  8141 | D:8      | Found Cifuuw's Antique Armour Emporium.
  8144 | D:8      | Bought a glowing helmet for 210 gold pieces
  8282 | Lair:1   | Entered Level 1 of the Lair of Beasts
  8282 | Lair:1   | Noticed a black mamba
  8291 | Lair:1   | Killed a black mamba
  8485 | Lair:1   | Noticed a cane toad
  8490 | Lair:1   | Killed a cane toad
  8506 | Lair:1   | Reached XP level 11. HP: 43/68 MP: 2/11
  8759 | Lair:1   | Reached skill level 11 in Axes
  9240 | Lair:1   | Reached skill level 10 in Armour
  9906 | Lair:2   | Reached skill level 12 in Axes
 10019 | Lair:2   | Noticed an eight-headed hydra
 10027 | Lair:2   | Killed a 12-headed hydra
 10450 | Lair:2   | Reached XP level 12. HP: 76/76 MP: 5/12
 11045 | Lair:3   | Noticed a seven-headed hydra
 11055 | Lair:3   | Killed a 13-headed hydra
 11417 | Lair:3   | Noticed a five-headed hydra
 11426 | Lair:3   | Killed a six-headed hydra
 11427 | Lair:3   | Reached skill level 13 in Axes
 11583 | Lair:3   | Noticed a skyshark
 11590 | Lair:3   | Killed a skyshark
 11726 | Lair:3   | HP: 3/115 [komodo dragon (18)]
 12373 | Lair:3   | Found a hole to the Spider Nest.
 12532 | Lair:3   | Noticed an eight-headed hydra
 12533 | Lair:3   | Noticed a seven-headed hydra
 12545 | Lair:3   | HP: 4/115 [13-headed hydra (12)]
 12547 | Lair:3   | Killed a 17-headed hydra
 12547 | Lair:3   | Mangled by a 15-headed hydra

Illustrated notes

Levels and vault maps discovered:
D:1:      dpeg_arrival_tiny_a, layout_basic, serial_shops, shop
D:2:      layout_basic, grunt_ministairs_11
D:3:      layout_basic, uniq_natasha
D:4:      layout_loops_cross, serial_shops, shop, corexii_checkpoint_a,
          kennysheep_generic_room_10, uniq_pikel
D:5:      layout_cave_pools, st_stairs_3, minmay_misc_feat_columns
D:6:      layout_gridville, portal_sewer_entry_a, nicolae_shop_self_help,
          uniq_eustachio
D:7:      layout_basic, minmay_temple_entry_statues_pillars, serial_undead,
          serial_undead_f, serial_undead_b, serial_undead_b, serial_undead_b,
          serial_undead_f, serial_undead_b, minmay_crossroads, uniq_jeremiah,
          uniq_menkaure, uniq_joseph
D:8:      layout_cave_pools, david_lair_generic, serial_column_ruins,
          column_ruins_open_tiny, column_ruins_open_small,
          column_ruins_columns_T, column_ruins_grid_1, column_ruins_open_tiny,
          column_ruins_open_tiny, column_ruins_grid_4, serial_shops,
          kennysheep_mini, uniq_maggie
Lair:1:   layout_chaotic_city, infiniplex_staircase_pool, lemuel_fruit_fields,
          grunt_megastairs_4, serial_bayou_shore_b, serial_bayou_shore_b
Lair:2:   layout_gridlike
Lair:3:   layout_regular_city, palyth_hydra_swamp_entry, dummy_spider_entry,
          grunt_forest_large_clearings

Skill      XL: |  1  2  3  4  5  6  7  8  9 10 11 12 |
---------------+-------------------------------------+-----
Axes           | 3 5 7 9 10 12 13 | 13.2
Fighting       | 4 5 6 7 9 |  9.9
Dodging        | 2 3 4 |  4.9
Polearms       | 2 |  2.9
Armour         | 4 5 7 9 10 11 | 11.7
Stealth        | 1 2 |  2.9

Action                     |  1- 3 |  4- 6 |  7- 9 | 10-12 || total
---------------------------+-------+-------+-------+-------++-------
  Melee: Hand axe          |    98 |    42 |   253 |   248 ||   641
         Spear             |    12 |    19 |       |       ||    31
         Punch             |       |     2 |     4 |       ||     6
 Invoke: Berserk           |     3 |     1 |     3 |     9 ||    16
         Trog's Hand       |       |     1 |     3 |     3 ||     7
         Brothers in Arms  |       |       |     1 |     1 ||     2
    Use: Scroll            |     3 |       |    13 |    10 ||    26
         Potion            |       |     2 |       |       ||     2
 Armour: Animal skin       |    39 |       |       |       ||    39
         Chain mail        |    13 |    46 |   184 |   269 ||   512
  Dodge: Dodged            |    78 |    37 |   114 |   144 ||   373

Table legend: (Time is in decaauts)
 A = Elapsed time spent in this place.
 B = Non-inter-level travel time spent in this place.
 C = Inter-level travel time spent in this place.
 D = Time resting spent in this place.
 E = Time spent auto-exploring this place.
 F = Levels seen in this place.
 G = Mean time per level.
                   A        B        C        D        E       F      G
               +--------+--------+--------+--------+--------+-----+--------+
         Total |  12790 |  12481 |    309 |    550 |   9751 |  12 | 1065.8 |
       Dungeon |   7759 |   7518 |    241 |    319 |   5739 |   8 |  969.9 |
          Lair |   4285 |   4217 |     68 |    231 |   3525 |   3 | 1428.3 |
         Sewer |    745 |    745 |      0 |      0 |    485 |   1 |  745.0 |
               +--------+--------+--------+--------+--------+-----+--------+

Top non-repeatable levels by time:
     D:7: 1872 daAuts
  Lair:3: 1724 daAuts
  Lair:1: 1336 daAuts
     D:2: 1236 daAuts
  Lair:2: 1224 daAuts
     D:1: 1034 daAuts
     D:6: 921 daAuts
     D:8: 813 daAuts
     D:4: 750 daAuts
   Sewer: 745 daAuts
     D:5: 702 daAuts
     D:3: 427 daAuts
